 Dungeon Crawl Stone Soup version 0.28.0-62-gf88900778d (webtiles) character file.

Game seed: 4334758663828566037

30520 cbfl8 the Impaler (level 13, -18/159 HPs)
             Began as a Merfolk Berserker on June 25, 2023.
             Was an Elder of Trog.
             Demolished by a caustic shrike simulacrum (24 damage)
             ... in an ice cave.
             The game lasted 00:27:51 (21864 turns).

cbfl8 the Impaler (Merfolk Berserker)              Turns: 21864, Time: 00:27:52

Health: -18/159    AC: 16    Str: 17    XL:     13   Next: 52%
Magic:  11/13      EV: 11    Int:  8    God:    Trog [****..]
Gold:   546        SH:  5    Dex: 23    Spells: 12/12 levels left

rFire   . . .      SeeInvis +   q - +2 demon trident (vamp)
rCold   + . .      Faith    .   (no shield)
rNeg    . . .      Spirit   .   a - +0 chain mail
rPois   .          Reflect  +   P - +0 hat {SInv}
rElec   .          Harm     .   (no cloak)
rCorr   .          Rampage  .   R - +2 pair of gloves {infuse}
Will    .....                   w - +0 pair of boots
Stlth   ..........              s - amulet of reflection
HPRegen 0.36/turn               o - +6 ring of dexterity
MPRegen 0.13/turn               p - ring of protection from cold

@: berserking, slowed, studying Fighting
A: (nimble swimmer 2), mertail
a: Renounce Religion, Berserk, Trog's Hand, Brothers in Arms


You were in an ice cave.
You worshipped Trog.
Trog was greatly pleased with you.
You visited 1 branch of the dungeon, and saw 14 of its levels.
You visited the Abyss 1 time.
You also visited: Sewer, Bailey, Gauntlet and Ice Cave.

You collected 1135 gold pieces.
You spent 589 gold pieces at shops.

Inventory:

Hand Weapons
 q - a +2 vampiric demon trident (weapon)
 O - a +7 demon trident of freezing
Missiles
 i - 11 throwing nets
Armour
 a - a +0 chain mail (worn)
 w - a +0 pair of boots (worn)
 D - the +5 pair of gloves of Death Resistance {Harm rF+++ Will- SInv}
   (You found it on level 8 of the Dungeon)

   rF:        It renders you almost immune to fire.
   SInv:      It lets you see invisible.
   Harm:      It increases damage dealt and taken.
   Will:      It decreases your willpower.
 P - a +0 hat of see invisible (worn)
 R - a +2 pair of gloves of infusion (worn)
Jewellery
 f - the ring of Wuschi {rCorr Stlth+}
   (You found it on level 6 of the Dungeon)

   [ring of resist corrosion]

   rCorr:     It protects you from acid and corrosion.
   Stlth:     It makes you more stealthy.
 o - a +6 ring of dexterity (left hand)
 p - a ring of protection from cold (right hand)
 s - an amulet of reflection (around neck)
 K - a ring of flight
 N - the ring of Peshravam {rPois rC- rCorr MP-9 Int+8}
   (You found it in a Gauntlet)

   [ring of resist corrosion]

   Int:       It affects your intelligence (+8).
   rC:        It makes you vulnerable to cold.
   rPois:     It protects you from poison.
   MP:        It affects your magic capacity (-9).
   rCorr:     It protects you from acid and corrosion.
 S - a +6 ring of strength
Wands
 t - a wand of digging (8)
 v - a wand of iceblast (8) (quivered)
 y - a wand of charming (9)
 M - a wand of polymorph (2)
Scrolls
 g - 8 scrolls of teleportation
 k - a scroll of holy word
 r - 3 scrolls of blinking
 x - 2 scrolls of fear
 B - 2 scrolls of fog
 J - 2 scrolls of immolation
Potions
 b - 8 potions of curing
 d - 3 potions of heal wounds
 e - 2 potions of haste
 h - 2 potions of flight
 l - 3 potions of cancellation
 m - 2 potions of brilliance {unknown}
 n - 3 potions of might
 C - a potion of resistance
 E - a potion of mutation {unknown}
 G - 2 potions of lignification {unknown}
 H - 2 potions of berserk rage
 I - a potion of invisibility {unknown}
Miscellaneous
 j - a condenser vane
 u - a lightning rod (4/4)
 z - a phial of floods
 A - a box of beasts
 F - a piece from Xom's chessboard (15/15)


   Skills:
 + Level 11.4 Fighting
 + Level 16.9 Polearms
 + Level 9.1 Armour
 + Level 6.7 Dodging
 + Level 3.1 Stealth
 + Level 4.4 Shields
 * Level 10.2 Evocations


You had 12 spell levels left.
You didn't know any spells.
Your spell library contained the following spells:

 Spells                   Type           Power      Damage    Failure   Level
 Petrify                  Tmut/Erth      0%         N/A       100%        4
 Eringya's Noxious Bog    Tmut/Pois      0%         N/A       100%        6


Dungeon Overview and Level Annotations

Branches:
Dungeon (14/15)            Temple (0/1) D:7            Lair (0/6) D:9
    Orc (0/2) D:9           Sewer (visited)          Bailey (visited)
  IceCv (1/1)             Gauntlet (visited)
 Vaults: D:13-14

Altars:
Kikubaaqudgha
Qazlal
Xom

Shops:
D:4 :(   D:6 !*?   D:8 *


Innate Abilities, Weirdness & Mutations

((You are very nimble when in or above water. (Stealth+, EV+, Speed+++)))
Your lower body shifts to a powerful aquatic tail in water.


Message History

The caustic shrike simulacrum freezes you!
You resist.
The caustic shrike simulacrum claws you.
The caustic shrike simulacrum freezes you!!
You resist. The deep troll simulacrum bites you!
The deep troll simulacrum freezes you! You resist.
* * * LOW HITPOINT WARNING * * *
The deep troll simulacrum claws you but does no damage.
The deep troll simulacrum closely misses you.
The caustic shrike simulacrum closely misses you.
Unknown command.
You are too injured to fight recklessly!
Unknown command.
You are too injured to fight recklessly!
You puncture the freezing wraith!
The freezing wraith is moderately damaged.
The bog body points at you and mumbles some strange words.
You feel as though you will be slow longer.
The caustic shrike simulacrum claws you but does no damage.
You puncture the freezing wraith!
The freezing wraith is severely damaged.
The caustic shrike simulacrum claws you!
* * * LOW HITPOINT WARNING * * *
The caustic shrike simulacrum freezes you!
You resist.
* * * LOW HITPOINT WARNING * * *
The freezing wraith hits you but does no damage. x2
You block the bog body's attack.
You completely miss the bog body. You punch the bog body!
The bog body is lightly damaged.
The caustic shrike simulacrum claws you but does no damage.
You completely miss the bog body.
The bog body is lightly damaged.
The freezing wraith hits you but does no damage.
The freezing wraith closely misses you.
The caustic shrike simulacrum claws you!
* * * LOW HITPOINT WARNING * * *
The caustic shrike simulacrum freezes you!!
You resist.
You die...

##○.#.###..##
##☼.§§.#####
#...○§§.#
####○§.§§#
#.####○#☼#
..###..##
#.....##
##.Z...#
#@W...#
#nZ.....#
#........#
#.......##
#......##
#......#
..#8..## .#
#)[#


You could see a freezing wraith, a bog body, a deep troll simulacrum and a
caustic shrike simulacrum.

Vanquished Creatures
  Gastronok (D:12)
  A minotaur (Gauntlet)
  Josephine (D:10)
  Fannar (D:10)
  A boulder beetle (D:11)
  A hydra (D:13)
  Erica (D:9)
  5 two-headed ogres
  3 death yaks (D:9)
  Urug (D:11)
  Sonja (D:10)
  2 wizards (Gauntlet)
  2 deep elf pyromancers
  2 ugly things (D:13)
  A cyclops (D:13)
  4 manticores
  A human zombie (Abyss:2)
  The ghost of bronco the Changer, a novice OpTm (D:6)
  Joseph (D:10)
  A smoke demon (Abyss:2)
  A gargoyle (D:9)
  A cane toad (shapeshifter) (D:13)
  Maggie (D:6)
  2 efreet (D:13)
  A freezing wraith (IceCv)
  2 kobold demonologists (D:6)
  An ice devil (IceCv)
  2 trolls
  The ghost of tkbsonic5 the Charlatan, a novice SpAr of Nemelex Xobeh (D:6)
  Grinder (D:6)
  A raiju (Abyss:2)
  5 slime creatures (D:12)
  3 flying skulls (Gauntlet)
  3 shadows
  4 wraiths
  A wyvern (D:8)
  10 yaks
  2 basilisks
  Grum (Bailey)
  2 steam dragons (D:8)
  A chaos spawn (Abyss:2)
  9 vampire mosquitoes
  An acid dragon (D:13)
  A harpy simulacrum (IceCv)
  3 water moccasins
  Pargi (Sewer)
  A black bear (D:6)
  3 orc warriors
  An alligator simulacrum (IceCv)
  2 ice beasts
  A necrophage (D:6)
  2 sky beasts
  2 ogres (D:6)
  6 wolves (Bailey)
  5 centaurs
  A phantom (D:5)
  3 small abominations (Abyss:2)
  Blork the orc (D:6)
  5 kobold brigands
  6 gnoll sergeants (Bailey)
  A bullfrog (D:5)
  2 scorpions
  3 killer bees (D:8)
  A lindwurm simulacrum (IceCv)
  10 wights
  4 howler monkeys (D:6)
  2 centaur zombies
  2 iron imps (Abyss:2)
  2 jellies (D:5)
  6 gnoll shamans (Bailey)
  4 orc priests
  A bullfrog skeleton (D:6)
  A centaur skeleton (D:7)
  4 hounds
  4 iguanas
  6 orc wizards
  4 hell rats (D:9)
  A killer bee zombie (D:7)
  A hound skeleton (D:5)
  2 howler monkey zombies (D:9)
  13 gnolls (Bailey)
  A howler monkey skeleton (D:6)
  3 river rats
  12 adders
  7 white imps
  3 ufetubi
  An adder skeleton (D:2)
  3 worms
  4 dart slugs
  36 orcs
  7 endoplasms
  A giant cockroach (D:2)
  12 goblins
  9 hobgoblins
  10 jackals
  50 kobolds
  6 quokkas
  10 ball pythons
  5 bats
  5 frilled lizards
  7 rats
398 creatures vanquished.

Vanquished Creatures (others)
  10 plants
  8 withered plants (D:6)
18 creatures vanquished.

Grand Total: 416 creatures vanquished

Notes
Turn   | Place    | Note
-------+----------+-------------------------------------------
     0 | D:1      | cbfl8 the Merfolk Berserker began the quest for the Orb.
     0 | D:1      | Reached XP level 1. HP: 18/18 MP: 1/1
   129 | D:1      | Reached XP level 2. HP: 22/24 MP: 2/2
   352 | D:1      | Reached skill level 5 in Polearms
   468 | D:1      | Reached XP level 3. HP: 29/30 MP: 3/3
   671 | D:1      | Found a faded altar of an unknown god.
  1250 | D:2      | Found a shimmering altar of Xom.
  1320 | D:2      | Reached ** piety under Trog
  1324 | D:2      | Reached XP level 4. HP: 37/37 MP: 4/4
  1329 | D:2      | Reached skill level 1 in Evocations
  1334 | D:2      | Reached skill level 6 in Polearms
  2354 | D:3      | Reached XP level 5. HP: 38/42 MP: 5/5
  2457 | D:3      | Found a glowing drain.
  2464 | Sewer    | Entered a sewer
  2792 | Sewer    | Noticed Pargi
  2803 | Sewer    | Killed Pargi
  2804 | Sewer    | Reached skill level 1 in Stealth
  2804 | Sewer    | Reached XP level 6. HP: 48/48 MP: 6/6
  3495 | D:3      | Reached skill level 7 in Polearms
  3984 | D:4      | Reached *** piety under Trog
  4216 | D:4      | Found Fuoskesi's Weapon Emporium.
  4366 | D:4      | Reached XP level 7. HP: 38/55 MP: 7/7
  4795 | D:4      | Found Ushunud's Book Emporium.
  5165 | D:4      | Reached skill level 8 in Polearms
  5503 | D:5      | Entered Level 5 of the Dungeon
  5660 | D:5      | Reached skill level 5 in Fighting
  5840 | D:5      | Reached XP level 8. HP: 26/62 MP: 8/8
  5847 | D:5      | Reached skill level 9 in Polearms
  7033 | D:4      | Bought a +2 trident of freezing for 219 gold pieces
  7103 | D:6      | Noticed a kobold demonologist
  7103 | D:6      | Noticed a kobold demonologist
  7103 | D:6      | Found a large runed translucent door.
  7103 | D:6      | Found a large runed translucent door.
  7154 | D:6      | Reached skill level 10 in Polearms
  7154 | D:6      | Noticed Maggie
  7503 | D:6      | Killed Maggie
  7504 | D:6      | Reached XP level 9. HP: 57/69 MP: 9/9
  7745 | D:6      | Found a runed translucent gate.
  7746 | D:6      | Found a runed translucent gate.
  7747 | D:6      | Found a runed translucent gate.
  7755 | D:6      | Found a large runed translucent door.
  7793 | D:6      | Found a large runed translucent door.
  7824 | D:6      | Noticed a manticore
  7826 | D:6      | Reached skill level 11 in Polearms
  7837 | D:6      | Killed a manticore
  8176 | D:6      | Identified the ring of Wuschi {rCorr Stlth+}
  8201 | D:6      | Reached skill level 5 in Evocations
  8290 | D:6      | Found Dawobuem's Magic Scroll Boutique.
  8294 | D:6      | Bought a scroll of teleportation for 30 gold pieces
  8302 | D:6      | Noticed Blork the orc
  8315 | D:6      | Killed Blork the orc
  8315 | D:6      | Noticed Grinder
  8346 | D:6      | Killed Grinder
  8394 | D:6      | Found Haxor's General Store.
  8412 | D:6      | Reached skill level 12 in Polearms
  8538 | D:6      | Found Kexif's Distillery.
  8608 | D:6      | Found an ancient bone altar of Kikubaaqudgha.
  8655 | D:6      | Reached skill level 5 in Armour
  8933 | D:6      | Noticed tkbsonic5's ghost (novice SpAr)
  8935 | D:6      | Noticed bronco's ghost (novice OpTm)
  9024 | D:6      | Bought a scroll of teleportation for 30 gold pieces
  9064 | D:7      | Noticed a two-headed ogre
  9073 | D:7      | Killed a two-headed ogre
  9074 | D:7      | Reached XP level 10. HP: 77/77 MP: 10/10
  9076 | D:7      | Reached skill level 13 in Polearms
  9137 | D:7      | Reached **** piety under Trog
  9344 | D:7      | Found a staircase to the Ecumenical Temple.
  9426 | D:7      | Found a flagged portal.
  9534 | Bailey   | Entered a bailey
 10760 | Bailey   | Reached skill level 1 in Shields
 11218 | Bailey   | Noticed Grum
 11295 | Bailey   | Killed Grum
 11912 | D:6      | Bought a scroll of teleportation for 36 gold pieces
 11912 | D:6      | Bought a scroll of identify for 24 gold pieces
 12330 | D:6      | Bought a scroll of teleportation for 30 gold pieces
 12330 | D:6      | Bought a scroll of teleportation for 30 gold pieces
 12330 | D:6      | Bought a scroll of blinking for 75 gold pieces
 12330 | D:6      | Bought a scroll of fog for 20 gold pieces
 12330 | D:6      | Bought a scroll of identify for 20 gold pieces
 12364 | D:6      | Killed a kobold demonologist
 12369 | D:6      | Killed a kobold demonologist
 12370 | D:6      | Reached skill level 5 in Dodging
 12496 | D:6      | Killed bronco's ghost
 12497 | D:6      | Reached skill level 14 in Polearms
 12499 | D:6      | Killed tkbsonic5's ghost
 12500 | D:6      | Reached XP level 11. HP: 86/86 MP: 11/11
 12593 | D:6      | Bought a potion of heal wounds for 75 gold pieces
 12973 | D:8      | Reached ***** piety under Trog
 13006 | D:8      | Identified the +5 pair of gloves of Death Resistance {Harm
                  | rF+++ Will- SInv}
 13391 | D:8      | Noticed an angel
 13393 | D:8      | Found Ataymak's Hallowed Reliquary.
 13804 | D:9      | Noticed a death yak
 13804 | D:9      | Noticed a death yak
 13806 | D:9      | Found a staircase to the Lair.
 13806 | D:9      | Noticed a death yak
 13813 | D:9      | Killed a death yak
 13824 | D:9      | Killed a death yak
 13830 | D:9      | Killed a death yak
 14484 | D:9      | Found a staircase to the Orcish Mines.
 14788 | D:9      | Noticed Erica
 14796 | D:9      | Killed Erica
 14797 | D:9      | Reached skill level 15 in Polearms
 15159 | D:10     | Entered Level 10 of the Dungeon
 15891 | D:10     | Received a gift from Trog
 16042 | D:10     | Noticed Josephine
 16051 | D:10     | Killed Josephine
 16057 | D:10     | Reached XP level 12. HP: 95/95 MP: 12/12
 16149 | D:10     | Noticed Sonja
 16150 | D:10     | Cast into level 2 of the Abyss (Sonja)
 16150 | Abyss:2  | Found a corrupted altar of Lugonu.
 16214 | Abyss:2  | Found a corrupted altar of Lugonu.
 16225 | Abyss:2  | Noticed a profane servitor
 16234 | Abyss:2  | Found a corrupted altar of Lugonu.
 16384 | Abyss:2  | Found a corrupted altar of Lugonu.
 16409 | Abyss:2  | Noticed a thrashing horror
 16410 | Abyss:2  | Noticed a thrashing horror
 16426 | Abyss:2  | Noticed a starcursed mass
 16589 | Abyss:2  | Noticed a starcursed mass
 16673 | D:10     | Escaped the Abyss
 16680 | D:10     | Killed Sonja
 16774 | D:10     | Noticed Joseph
 16787 | D:10     | Killed Joseph
 17018 | D:10     | Noticed Fannar
 17030 | D:10     | Killed Fannar
 17245 | D:10     | Noticed a two-headed ogre
 17252 | D:10     | Killed a two-headed ogre
 18102 | D:11     | Found a stormy altar of Qazlal.
 18127 | D:11     | Noticed Urug
 18143 | D:11     | Killed Urug
 18144 | D:11     | Reached skill level 10 in Fighting
 18279 | D:11     | Noticed a boulder beetle
 18286 | D:11     | Killed a boulder beetle
 19529 | D:12     | Noticed Gastronok
 19544 | D:12     | Killed Gastronok
 19545 | D:12     | Reached skill level 16 in Polearms
 19783 | D:13     | Noticed a four-headed hydra
 19789 | D:13     | Killed a four-headed hydra
 19813 | D:13     | Noticed a two-headed ogre
 19816 | D:13     | Killed a two-headed ogre
 19817 | D:13     | Reached XP level 13. HP: 104/104 MP: 13/13
 21106 | D:14     | Found a frozen archway.
 21118 | D:14     | Found a gate leading to a gauntlet.
 21127 | Gauntlet | Entered a Gauntlet
 21127 | Gauntlet | Found a transporter.
 21136 | Gauntlet | Found a transporter.
 21138 | Gauntlet | Found a transporter.
 21158 | Gauntlet | Found a transporter.
 21161 | Gauntlet | Found a transporter.
 21174 | Gauntlet | Found a transporter.
 21188 | Gauntlet | Found a transporter.
 21198 | Gauntlet | Found a transporter.
 21200 | Gauntlet | Noticed a great orb of eyes
 21206 | Gauntlet | Found a runed translucent door.
 21208 | Gauntlet | Found a transporter.
 21210 | Gauntlet | Found a runed translucent door.
 21310 | Gauntlet | Found a transporter.
 21338 | Gauntlet | Identified the +3 scale mail of Qughaet {-Tele Harm Int+4
                  | Dex+6}
 21367 | Gauntlet | Found a transporter.
 21410 | Gauntlet | Reached skill level 10 in Evocations
 21428 | Gauntlet | Identified the ring of Peshravam {rPois rC- rCorr MP-9
                  | Int+8}
 21458 | Gauntlet | Identified the +9 ring mail "Byaragol" {rN+}
 21458 | Gauntlet | Noticed a minotaur
 21465 | Gauntlet | Killed a minotaur
 21480 | Gauntlet | Identified the +0 robe of the Slightly Bent {Harm Rampage
                  | rElec}
 21480 | Gauntlet | Identified the +3 flail of Regicide {vorpal, SInv}
 21495 | Gauntlet | Got the Papyrus of Moulding
 21522 | IceCv    | Entered an ice cave
 21864 | IceCv    | HP: 6/159 [caustic shrike simulacrum (15)]
 21864 | IceCv    | Demolished by a caustic shrike simulacrum

Illustrated notes

Levels and vault maps discovered:
D:1:      onia_arrival_pyramid, layout_basic,
          ebering_ecumenical_altar_sacrificial, serial_bayou_lagoon_b
D:2:      layout_basic, basic_altar
D:3:      layout_loops_ring, lightli_sewer_entry_pipes
D:4:      layout_basic, serial_shops, shop, nicolae_shop_bloodbath_and_beyond,
          hangedman_decor_points, lexackson_kobold_supper
D:5:      layout_loops_corners
D:6:      layout_cave_pools, kiku_gazebo_garden_becter, serial_shops,
          nicolae_diamond_shop, nicolae_shop_trees, shop,
          gammafunk_ghost_cemetery, minmay_hollow_rounded_squares, uniq_maggie,
          uniq_blork_the_orc, uniq_grinder
D:7:      kennysheep_kobold_camp, layout_rooms, minmay_temple_entry_crystal_x,
          enter_bailey_8
D:8:      layout_loops_cross, nicolae_good_shop
D:9:      layout_loops_corners, dpeg_lair_monsters, orc_0_dummy, uniq_erica
D:10:     layout_gridville, hangedman_decor_opposing, uniq_sonja, uniq_joseph,
          uniq_josephine, uniq_fannar
D:11:     layout_long_grid, st_stairs_8, grunt_qazlal_clouds, uniq_urug,
          uniq_grum
D:12:     layout_irregular_city, minmay_crystal_room, hex_tiny, uniq_gastronok
D:13:     layout_rooms, minmay_quadrilaterals
D:14:     layout_irregular_city, skrybe_vaults_entry_preservation, serial_ice,
          serial_ice_c, serial_ice_b, serial_ice_i, serial_ice_g, serial_ice_e,
          serial_ice_o, serial_ice_f, serial_ice_m, serial_ice_d, serial_ice_n,
          portal_ice_cave_entry_pillars_three, gauntlet_entry_generic,
          wad_floor_pattern_untrapped
IceCv:    ice_cave_small_necro

Skill      XL: |  1  2  3  4  5  6  7  8  9 10 11 12 13 |
---------------+----------------------------------------+-----
Polearms       | 5 6 7 8 10 12 14 15 16 | 16.9
Evocations     | 1 2 3 4 6 7 8 9 10 | 10.2
Dodging        | 3 4 5 6 |  6.7
Fighting       | 4 5 6 7 9 10 11 | 11.4
Armour         | 2 4 5 6 7 8 9 |  9.1
Stealth        | 1 2 3 |  3.1
Shields        | 2 3 4 |  4.4

Action                   |  1- 3 |  4- 6 |  7- 9 | 10-12 | 13-15 || total
-------------------------+-------+-------+-------+-------+-------++-------
Melee: Spear             |    66 |       |       |       |       ||    66
       Tailslap          |     1 |     9 |       |       |       ||    10
       Trident           |    36 |   232 |   267 |   758 |       ||  1293
       Punch             |       |     3 |     1 |     7 |     2 ||    13
       Demon trident     |       |       |       |    94 |   119 ||   213
Invok: Berserk           |       |     1 |     6 |    10 |     4 ||    21
       Trog's Hand       |       |       |     1 |     8 |       ||     9
Evoke: Wand              |       |       |       |     1 |       ||     1
       Lightning rod     |       |       |       |     1 |       ||     1
  Use: Scroll            |       |     8 |     4 |    13 |     5 ||    30
 Stab: Sleeping          |     3 |       |       |       |       ||     3
Armor: Animal skin       |     7 |       |       |       |       ||     7
       Ring mail         |     5 |    31 |       |       |       ||    36
       Chain mail        |       |    14 |    86 |   255 |    46 ||   401
Dodge: Dodged            |    30 |   105 |    64 |   230 |    38 ||   467
Block: Other             |       |       |     1 |   111 |     9 ||   121
       Reflection        |       |       |       |     6 |       ||     6
